 Dungeon Crawl Stone Soup version 0.32-a0-938-g40ac7a0f4d (webtiles) character file.

Game seed: 13215410685334310894

234 DEFE the Cudgeller (level 6, -2/47 HPs)
             Began as a Coglin Fighter on Apr 15, 2024.
             Slain by Pikel
             ... wielding a +2 whip of flaming
              (4 damage)
             ... on level 4 of the Dungeon.
             The game lasted 00:02:23 (2349 turns).

DEFE the Cudgeller (Coglin Fighter)                 Turns: 2349, Time: 00:02:23

Health: -2/47      AC:  3    Str: 18    XL:     6   Next: 5%
Magic:  6/6        EV: 10    Int:  8    God:
Gold:   85         SH:  4    Dex: 13    Spells: 5/5 levels left

rFire   . . .        a - +0 flail {Raimund}
rCold   . . .        c - +0 buckler
rNeg    . . .        h - +1 robe of Vines {NoPotionHeal Regen++++}
rPois   .            (no helmet)
rElec   .            (no cloak)
rCorr   .            (no gloves)
SInv    .            (no boots)
Will    .....        (amulet unavailable)
Stlth   +            (ring unavailable)
HPRegen 3.47/turn    (ring unavailable)
MPRegen 0.10/turn    (no gizmo)

%: no passive effects
@: mighty, revved
A: off-hand wielding, slow wielding, warmup strikes, no jewellery
a: Invent Gizmo


You were on level 4 of the Dungeon.
You visited 1 branch of the dungeon, and saw 4 of its levels.

You collected 85 gold pieces.

Inventory:

Hand Weapons
 a - a +0 flail (weapon) {Raimund}
Armour
 b - a +0 scale mail
 c - a +0 buckler (worn)
 h - the +1 robe of Vines (worn) {NoPotionHeal Regen++++}
   (You found it on level 2 of the Dungeon)

   NoPotionHeal: Its wearer cannot be healed by potions.
   Regen++++: It increases your rate of health regeneration.
Scrolls
 e - 3 scrolls of identify {unknown}
 g - a scroll of vulnerability {unknown}
 i - a scroll of butterflies {unknown}
 k - a scroll of amnesia {unknown}
 r - a scroll of fog {unknown}
Potions
 d - a potion of might
 f - 3 potions of curing {unknown}
 j - a potion of berserk rage {unknown}
 l - a potion of lignification {unknown}
 m - a potion of enlightenment {unknown}
 n - a potion of resistance {unknown}
 o - 2 potions of ambrosia {unknown}
 q - a potion of invisibility {unknown}
 s - a potion of haste {unknown}
 t - 2 potions of degeneration {unknown}


   Skills:
 - Level 3.1 Fighting
 + Level 5.3 Maces & Flails
 - Level 2.8 Armour
 - Level 2.3 Shields
 - Level 0.1 Spellcasting


You had 5 spell levels left.
You didn't know any spells.
Your spell library was empty.

Dungeon Overview and Level Annotations

Branches:
Dungeon (4/15)
 Temple: D:4-7

Altars:
Ashenzari

Shops:
D:2 :

Annotations:
D:3 2 runed translucent doors, Aston's ghost, amateur MDRe; Crazy Yiuf
D:4 Pikel


Innate Abilities, Weirdness & Mutations

You can wield a second weapon in your off-hand.
It takes a long time for you to wield or remove held weapons.
Your first few attacks do less damage.
You cannot equip rings or amulets.


Message History

You block Pikel's attack. Pikel barely misses you.
You hit Pikel.
Pikel is lightly wounded.
Pikel hits you with a +2 whip of flaming!
Pikel burns you.
You hit Pikel but do no damage.
Pikel is lightly wounded.
Pikel barely misses you.
You closely miss Pikel.
Pikel is lightly wounded.
Pikel hits you with a +2 whip of flaming!
Pikel burns you.
You thump Pikel!
Pikel is heavily wounded.
Pikel hits you with a +2 whip of flaming!
Pikel burns you.
You hit Pikel.
Pikel is heavily wounded.
Pikel hits you with a +2 whip of flaming!
Pikel burns you.
Pikel says, "You'll burn in Gehenna!"
Pikel hits you with a +2 whip of flaming!
* * * LOW HITPOINT WARNING * * *
Pikel burns you.
* * * LOW HITPOINT WARNING * * *
Unknown command.
Okay, then.
You feel very mighty all of a sudden. You block Pikel's attack.
Throw: throwing net
Press: ? - help, Shift-Dir - straight line, f - Pikel
Aim: Pikel, wielding a +2 whip of flaming and wearing a +0 robe (heavily wounded, 45% to hit)
You throw a throwing net. The throwing net barely misses Pikel.
The throwing net hits the orc.
The orc is caught in the net!
Pikel hits you with a +2 whip of flaming!
* * * LOW HITPOINT WARNING * * *
Pikel burns you.
You die...
Pikel says, "See you in Hell!"

##..o#....#..
#.#
#.#..5#.......
#.#
#...wwK.#...# #
#.#
#.#...#.##.##.#
#.#
##.##......^#
#.#
#..........####
#.#
#####.####.#
#.# #.
#5##########.#
#
#ooK@........#
#.############
.... ######


You could see Pikel, a lemure and 2 orcs.

Vanquished Creatures
  2 lemures (D:4)
  A scorpion (D:4)
  A sleepcap (D:3)
  4 gnolls
  4 adders
  2 dart slugs (D:1)
  A ribbon worm (D:2)
  3 orcs
  4 bats (D:1)
  7 endoplasms
  3 giant cockroaches
  2 goblins
  8 hobgoblins
  4 jackals (D:1)
  5 kobolds
  A quokka (D:3)
  9 ball pythons
  2 frilled lizards
  5 rats
68 creatures vanquished.

Notes
Turn   | Place    | Note
-------+----------+-------------------------------------------
     0 | D:1      | DEFE the Coglin Fighter began the quest for the Orb.
     0 | D:1      | Reached XP level 1. HP: 18/18 MP: 1/1
   137 | D:1      | Reached XP level 2. HP: 19/24 MP: 2/2
   173 | D:1      | Reached skill level 2 in Maces & Flails
   496 | D:1      | Reached XP level 3. HP: 29/29 MP: 3/3
   645 | D:1      | Reached skill level 3 in Maces & Flails
   878 | D:2      | Found the +1 robe of Vines {NoPotionHeal Regen++++}
   977 | D:2      | Reached XP level 4. HP: 35/35 MP: 4/4
  1057 | D:2      | You fall into a shaft and drop 1 floor!
  1318 | D:2      | Found Gixzes's Book Shoppe.
  1543 | D:3      | Reached skill level 4 in Maces & Flails
  1571 | D:3      | Found a runed translucent door.
  1572 | D:3      | Found a faded altar of an unknown god.
  1576 | D:3      | Noticed Aston's ghost (amateur MDRe)
  1607 | D:3      | Reached XP level 5. HP: 39/41 MP: 5/5
  1927 | D:3      | Found a runed translucent door.
  1928 | D:3      | Noticed Crazy Yiuf
  1984 | D:3      | Found a broken altar of Ashenzari.
  2144 | D:4      | Reached skill level 5 in Maces & Flails
  2144 | D:4      | Reached XP level 6. HP: 42/47 MP: 6/6
  2286 | D:4      | Noticed Pikel
  2349 | D:4      | HP: 2/47 [Pikel/+2 whip of flaming (11)]
  2349 | D:4      | Slain by Pikel

Illustrated notes

Levels and vault maps discovered:
D:1:      wander_arrival_desolate, layout_loops_ring
D:2:      layout_loops_cross, serial_shops, shop, serial_glass, glass_columns_a,
          glass_columns_b
D:3:      layout_loops_ring, mainiacjoe_overflow_alcove_1,
          ebering_ghost_reflecting_pool, hellmonk_ecumenical_altar_crossroads,
          uniq_crazy_yiuf_cottage
D:4:      layout_loops_ring, serial_shops, nicolae_shop_gibbet_a_chance,
          serial_library_hellmonk_h_bend, hangedman_decor_clover_reticule,
          uniq_pikel

Skill      XL: |  1  2  3  4  5 |
---------------+----------------+-----
Maces & Flails | 2 3 4 5 |  5.3
Fighting       | |  3.1
Armour         | |  2.8
Shields        | |  2.3
Spellcasting   | |  0.1

Action                     |  1- 3 |  4- 6 || total
---------------------------+-------+-------++-------
  Melee: Flail             |   101 |   189 ||   290
  Throw: Throwing net      |       |     1 ||     1
    Use: Potion            |       |     1 ||     1
 Armour: Scale mail        |    83 |       ||    83
         Robe              |    15 |   158 ||   173
  Dodge: Dodged            |    58 |    98 ||   156
  Block: Buckler           |    27 |    31 ||    58

Table legend: (Time is in decaauts)
 A = Elapsed time spent in this place.
 B = Non-inter-level travel time spent in this place.
 C = Inter-level travel time spent in this place.
 D = Time resting spent in this place.
 E = Time spent auto-exploring this place.
 F = Levels seen in this place.
 G = Mean time per level.
                   A        B        C        D        E       F      G
               +--------+--------+--------+--------+--------+-----+--------+
         Total |   2420 |   2392 |     28 |      0 |   1740 |   4 |  605.0 |
       Dungeon |   2420 |   2392 |     28 |      0 |   1740 |   4 |  605.0 |
               +--------+--------+--------+--------+--------+-----+--------+

Top non-repeatable levels by time:
     D:1: 870 daAuts
     D:3: 691 daAuts
     D:2: 631 daAuts
     D:4: 225 daAuts
